 Dungeon Crawl Stone Soup version 0.30-a0-930-gb9d0489357 (webtiles) character file.

Game seed: 10151074406597637473

133863 cheesebisquit the Severer (level 17, 0/156 HPs)
             Began as a Hill Orc Fighter on Mar 23, 2023.
             Was the Champion of Qazlal.
             Killed from afar by Arachne (24 damage)
             ... with a poison arrow
             ... on level 2 of the Spider Nest.
             The game lasted 01:45:01 (28200 turns).

cheesebisquit the Severer (Hill Orc Fighter)       Turns: 28200, Time: 01:45:01

Health: 0/156      AC: 35    Str: 36    XL:     17   Next: 15%
Magic:  28/28      EV:  4    Int: 13    God:    Qazlal [******]
Gold:   703        SH:  0    Dex:  6    Spells: 16/16 levels left

rFire   . . .      SeeInvis .    a - +1 broad axe (vamp)
rCold   + + .      Faith    .    Y - +0 kite shield {rC+}
rNeg    . . .      Spirit   .    U - +2 crystal plate armour {rC+}
rPois   +          Reflect  .    l - +1 helmet {Int+3}
rElec   +          Rampage  +    B - +0 cloak
rCorr   .                        i - +1 pair of gloves
Will    +....                    Z - +0 pair of boots {rampage} Stlth
                                 M - amulet "Remesocs" {Acrobat rElec Str+3 Dex-4}
HPRegen 0.46/turn                h - ring "Hixyuf" {rPois Int+2}
MPRegen 0.21/turn                g - +6 ring of strength

@: lethally poisoned (0 -> -17), protected from physical damage, corroded, held,
studying Hexes, repel missiles
A: no striking features
a: Renounce Religion, Upheaval, Elemental Force, Disaster Area


You were on level 2 of the Spider Nest.
You worshipped Qazlal.
Qazlal was exalted by your worship.
You visited 5 branches of the dungeon, and saw 25 of its levels.
You also visited: Gauntlet and Ice Cave.

You collected 2128 gold pieces.
You spent 1425 gold pieces at shops.

Inventory:

Hand Weapons
 a - a +1 vampiric broad axe (weapon)
 b - a +2 war axe of flaming
 f - a +0 morningstar
Missiles
 p - 3 curare-tipped darts
 t - 32 boomerangs (quivered)
 x - 8 atropa-tipped darts
 F - 64 poisoned darts
 H - 3 throwing nets
 R - 4 boomerangs of dispersal
Armour
 i - a +1 pair of gloves (worn)
 l - a +1 helmet of intelligence (worn)
 B - a +0 cloak (worn)
 U - a +2 crystal plate armour of cold resistance (worn)
 W - +0 ice dragon scales
 Y - a +0 kite shield of cold resistance (worn)
 Z - a +0 pair of boots of rampaging (worn)
Jewellery
 g - a +6 ring of strength (right hand)
 h - the ring "Hixyuf" (left hand) {rPois Int+2}
   (You bought it in a shop on level 2 of the Orcish Mines)

   [ring of poison resistance]

   Int:       It affects your intelligence (+2).
   rPois:     It protects you from poison.
 r - a ring of protection from cold
 M - the amulet "Remesocs" (around neck) {Acrobat rElec Str+3 Dex-4}
   (You acquired it on level 14 of the Dungeon)

   [amulet of the acrobat]

   It increases your evasion while moving and waiting.
   Str:       It affects your strength (+3).
   Dex:       It affects your dexterity (-4).
   rElec:     It insulates you from electricity.
 O - a ring of protection from fire
 T - a +5 ring of evasion
 V - a ring of protection from cold
Wands
 z - a wand of iceblast (24)
 C - a wand of charming (36)
 G - a wand of digging (4)
 J - a wand of flame (62)
 K - a wand of polymorph (12)
 X - a wand of quicksilver (8)
Scrolls
 d - 2 scrolls of magic mapping
 j - 2 scrolls of fog
 k - a scroll of fear
 m - 5 scrolls of amnesia
 s - 2 scrolls of vulnerability
 u - 7 scrolls of immolation
 y - a scroll of blinking
 D - 10 scrolls of teleportation
 N - 5 scrolls of identify
 P - a scroll of brand weapon
 Q - a scroll of butterflies
 S - a scroll of poison
Potions
 c - a potion of brilliance
 e - a potion of magic
 n - a potion of haste
 o - 2 potions of curing
 q - a potion of ambrosia
 v - 3 potions of mutation
 w - 2 potions of resistance
 A - a potion of berserk rage
 E - 6 potions of attraction
 I - 2 potions of lignification
 L - 2 potions of flight


   Skills:
 + Level 15.4 Fighting
 - Level 18.0 Axes
 - Level 2.3 Ranged Weapons
 + Level 17.2 Armour
 + Level 10.1 Dodging
 + Level 14.1 Shields
 + Level 15.3 Invocations


You had 16 spell levels left.
You didn't know any spells.
Your spell library contained the following spells:

 Spells                   Type           Power      Damage    Failure   Level
 Apportation              Tloc           0%         N/A       99%         1
 Magic Dart               Conj           0%         1d3       99%         1
 Shock                    Conj/Air       0%         1d3       99%         1
 Slow                     Hex            0%         N/A       99%         1
 Summon Small Mammal      Summ           0%         N/A       99%         1
 Call Imp                 Summ           0%         N/A       100%        2
 Call Canine Familiar     Summ           0%         N/A       100%        3
 Confusing Touch          Hex            0%         N/A       100%        3
 Inner Flame              Hex/Fire       0%         N/A       100%        3
 Mephitic Cloud           Conj/Pois/Air  0%         N/A       100%        3
 Summon Guardian Golem    Hex/Summ       0%         N/A       100%        3
 Swiftness                Air            0%         N/A       100%        3
 Vampiric Draining        Necr           0%         2d6       100%        3
 Airstrike                Air            0%         2d(0-16)  100%        4
 Anguish                  Hex/Necr       0%         N/A       100%        4
 Animate Dead             Necr           0%         N/A       100%        4
 Cause Fear               Hex            0%         N/A       100%        4
 Alistair's Intoxication  Tmut/Pois      0%         N/A       100%        5
 Conjure Ball Lightning   Conj/Air       0%         3x3d6     100%        6
 Enfeeble                 Hex            0%         N/A       100%        7
 Haunt                    Necr/Summ      0%         N/A       100%        7
 Discord                  Hex            0%         N/A       100%        8
 Disjunction              Tloc           0%         N/A       100%        8
 Infestation              Necr           0%         N/A       100%        8


Dungeon Overview and Level Annotations

Branches:
Dungeon (15/15)            Temple (1/1) D:4            Lair (5/5) D:9
 Shoals (0/4) Lair:3       Spider (2/4) Lair:3        Slime (0/5) Lair:4
    Orc (2/2) D:10            Elf (0/3) Orc:2        Vaults (0/5) D:14
 Depths (0/4) D:15          IceCv (visited)         Gauntlet (visited)

Altars:
Ashenzari
Cheibriados
Dithmenos
Elyvilon
Fedhas
Gozag
Hepliaklqana
Kikubaaqudgha
Makhleb
Nemelex Xobeh
Okawaru
Qazlal
Ru
Sif Muna
Trog
Uskayaw
Vehumet
Wu Jian
Xom
Yredelemnul
Zin
The Shining One
Beogh
Jiyva

Shops:
D:5 [   Orc:1 [   Orc:2 (=[*

Annotations:
D:13 3 runed translucent doors
Spider:2 Arachne


Message History

A wolf spider comes into view.
You struggle to detach yourself from the web.
You feel very sick.
You hear a faint skittering sound. x2
Arachne hits you but does no damage. Arachne envenoms you!
* * * LOW HITPOINT WARNING * * *
A redback comes into view.
A jumping spider comes into view.
The redback is engulfed in blazing flames.
Arachne hits you but does no damage. Arachne envenoms you!
* * * LOW HITPOINT WARNING * * *
You are more poisoned.
The web tears apart.
You feel very sick.
The jumping spider leaps!
The culicivora is engulfed in blazing flames.
You block the redback's attack.
Arachne points her staff at you, shooting a stream of webbing.
The stream of webbing hits you but does no damage.
You are caught in a web!
The jumping spider is engulfed in blazing flames.
The redback barely misses you.
The web tears apart.
You feel very sick.
You hear a hideous shriek!
You hear a faint skittering sound.
Arachne points her staff at you, shooting a stream of webbing.
The stream of webbing hits you but does no damage.
You are caught in a web!
The redback bites you!
* * * LOW HITPOINT WARNING * * *
The culicivora is engulfed in blazing flames.
The redback barely misses you.
The entropy weaver points at you and mumbles some strange words.
The entropic weave corrodes you!
The culicivora is engulfed in blazing flames.
You kill the culicivora!
Qazlal accepts your kill. Arachne casts a spell at you.
The poison arrow hits you!!
You are more poisoned.
You partially resist.
You die...

. #...#.....#....
?.## #....##<...
##.^ ####..#..†..
#^.#####..#.†#...##
#..#.#^#..#.....##
#....#........### #.
##○.........#..#
#...#ss☼○.#.....####
#.B°H@..###..###
#.ss######.......#
°.ss. ###........
.#.. ##..#.... #.
..# .## # ..# .. ###
.


You could see Arachne (soul bound), an entropy weaver, a wolf spider, a jumping
spider and 4 redbacks.

Vanquished Creatures
  Jorgrun (Lair:3)
  Kirke (Lair:3)
  2 frost giants (IceCv)
  A ghost moth (Lair:3)
  2 broodmothers (Lair:3)
  An orc warlord (Orc:2)
  An ironbound preserver (D:14)
  A juggernaut skeleton (D:15)
  Nessos (Lair:4)
  A white draconian (IceCv)
  A spark wasp (Lair:3)
  Snorg (D:13)
  An ettin (Orc:2)
  An entropy weaver (Lair:3)
  7 hydras
  An ice dragon (IceCv)
  3 ironbound frosthearts (IceCv)
  An ogre mage (Orc:2)
  A radroach (Spider:1)
  3 centaur warriors
  2 jorogumos
  The ghost of ZappyNine the Fighter, a novice DrTm of Wu Jian (D:9)
  4 catoblepae
  6 two-headed ogres
  5 death yaks (Lair:5)
  A vampire mage (D:15)
  4 boulder beetles
  4 orc high priests
  2 skeletal warriors (D:15)
  Amaemon (Lair:3)
  2 pharaoh ants
  An orange crystal statue (IceCv)
  A tengu zombie (D:15)
  An obsidian statue (D:13)
  5 orb spiders (Spider:1)
  4 steelbarb worms (Lair:3)
  A necromancer (D:15)
  2 deep elf pyromancers
  A tengu skeleton (D:15)
  3 orc knights (Orc:2)
  3 wolf spiders
  29 ugly things
  4 orc sorcerers (Orc:2)
  4 cyclopes
  A moth of wrath (Lair:3)
  3 manticores
  5 black mambas
  3 merfolk sirens (Lair:3)
  12 elephants
  2 demonic crawlers (Lair:3)
  Maggie (D:7)
  An ice statue (D:14)
  A gargoyle (D:13)
  An orange demon (Lair:3)
  An unseen horror (D:12)
  10 cane toads
  14 rime drakes
  A tengu conjurer (D:13)
  4 kobold demonologists
  10 komodo dragons
  3 yaktaurs (D:15)
  6 trolls
  6 meliai
  A hornet (D:8)
  A merfolk (Lair:3)
  18 polar bears
  18 blink frogs
  4 tarantellas
  4 dream sheep
  17 jumping spiders
  15 slime creatures
  A spriggan skeleton (D:15)
  10 culicivoras
  2 shadows
  4 wraiths
  2 wyverns (Lair:3)
  58 yaks
  6 hogs (Lair:3)
  2 basilisks
  18 redbacks (Lair:3)
  2 steam dragons
  17 vampire mosquitoes
  Edmund (D:6)
  A warg (Orc:2)
  3 acid dragons
  12 water moccasins
  30 orc warriors
  An ice beast (D:8)
  A meliai simulacrum (D:14)
  3 black bears
  4 ogres
  A sky beast (D:6)
  7 centaurs
  19 wolves
  5 boggarts (D:15)
  A phantom (D:5)
  5 kobold brigands
  17 bullfrogs
  8 scorpions
  2 gnoll sergeants
  13 wights
  11 killer bees (D:7)
  4 howler monkeys (D:7)
  An electric eel (Spider:1)
  32 orc priests
  4 hounds
  15 jellies
  2 sleepcaps
  3 iguanas
  20 orc wizards
  4 hell rats (Lair:2)
  2 boggart simulacra (D:14)
  10 gnolls
  5 adders
  A shadow imp (D:7)
  An ufetubus (D:5)
  A worm (Lair:3)
  2 dart slugs
  84 orcs
  17 bats
  21 endoplasms
  4 giant cockroaches
  4 hobgoblins
  3 jackals (D:4)
  7 quokkas
  4 ball pythons
  A frilled lizard (D:1)
  6 goblins
  31 kobolds
  8 rats
850 creatures vanquished.

Vanquished Creatures (others)
  A wizard (D:14)
  A cane toad (Lair:4)
  A polar bear (IceCv)
  A wolf (Lair:3)
  A centaur (Lair:1)
  2 orcs
  A bush (Lair:1)
  A demonic plant (Gauntlet)
  22 fungi
  49 plants
  3 withered plants (D:15)
83 creatures vanquished.

Grand Total: 933 creatures vanquished

Notes
Turn   | Place    | Note
-------+----------+-------------------------------------------
     0 | D:1      | cheesebisquit the Hill Orc Fighter began the quest for the
                  | Orb.
     0 | D:1      | Reached XP level 1. HP: 19/19 MP: 1/1
    56 | D:1      | Reached skill level 3 in Axes
   161 | D:1      | Reached XP level 2. HP: 26/26 MP: 2/2
   212 | D:1      | Found a faded altar of an unknown god.
   226 | D:1      | Reached skill level 4 in Axes
   489 | D:1      | Reached XP level 3. HP: 29/31 MP: 3/3
   824 | D:2      | Reached skill level 5 in Axes
   935 | D:2      | Identified the +10 sling of Puwabrea {flame, Contam rN++
                  | Dex+2 Stlth+}
  1362 | D:3      | Reached XP level 4. HP: 39/39 MP: 4/4
  1617 | D:3      | Reached skill level 1 in Ranged Weapons
  2175 | D:4      | Noticed a water moccasin
  2188 | D:4      | Killed a water moccasin
  2189 | D:4      | Reached skill level 6 in Axes
  2189 | D:4      | Reached XP level 5. HP: 39/45 MP: 5/5
  2458 | D:4      | Reached skill level 7 in Axes
  2458 | D:4      | Reached XP level 6. HP: 49/51 MP: 6/6
  2464 | D:4      | Found a broken altar of Ashenzari.
  2857 | D:4      | Found a staircase to the Ecumenical Temple.
  2863 | Temple   | Entered the Ecumenical Temple
  3049 | Temple   | Became a worshipper of Qazlal Stormbringer
  3087 | D:5      | Entered Level 5 of the Dungeon
  3165 | D:5      | Reached skill level 8 in Axes
  3244 | D:5      | Found Enonoeh's Antique Armour Shop.
  3267 | D:5      | Reached XP level 7. HP: 46/57 MP: 7/7
  3284 | D:5      | Reached skill level 9 in Axes
  3767 | D:5      | Found a blossoming altar of Fedhas.
  3769 | D:5      | Found a shimmering altar of Xom.
  3769 | D:5      | Found a shimmering altar of Xom.
  3771 | D:5      | Found a shimmering altar of Xom.
  3771 | D:5      | Found a hide-covered altar of Uskayaw.
  3771 | D:5      | Found a burning altar of Makhleb.
  3777 | D:5      | Reached skill level 10 in Axes
  4016 | D:5      | Reached skill level 11 in Axes
  4016 | D:5      | Reached XP level 8. HP: 53/64 MP: 8/8
  4021 | D:5      | Found an ancient bone altar of Kikubaaqudgha.
  4087 | D:5      | Found an ornate altar of the Wu Jian Council.
  4090 | D:5      | Found a glowing golden altar of the Shining One.
  4284 | D:5      | Bought a shiny helmet for 157 gold pieces
  4609 | D:6      | Noticed Edmund
  4624 | D:6      | Killed Edmund
  4625 | D:6      | Reached skill level 12 in Axes
  4918 | D:6      | Noticed a slime creature
  4928 | D:6      | Reached skill level 13 in Axes
  4934 | D:6      | Killed a slime creature
  4936 | D:6      | Reached skill level 14 in Axes
  4936 | D:6      | Reached XP level 9. HP: 40/70 MP: 9/9
  4937 | D:6      | Reached * piety under Qazlal
  5554 | D:7      | Reached skill level 15 in Axes
  5683 | D:7      | Noticed a troll
  5696 | D:7      | Killed a troll
  5924 | D:7      | Reached skill level 16 in Axes
  6200 | D:7      | Reached ** piety under Qazlal
  6721 | D:7      | Noticed Maggie
  6753 | D:7      | Killed Maggie
  6754 | D:7      | Reached skill level 5 in Fighting
  6754 | D:7      | Reached skill level 5 in Armour
  6754 | D:7      | Reached XP level 10. HP: 41/81 MP: 10/10
  7367 | D:7      | Upgraded the game from 0.30-a0-924-g0ad0bf95bc to
                  | 0.30-a0-930-gb9d0489357
  7440 | D:8      | Reached skill level 5 in Shields
  7909 | D:8      | Noticed a deep elf pyromancer
  7917 | D:8      | Reached skill level 1 in Invocations
  7929 | D:8      | Killed a deep elf pyromancer
  7930 | D:8      | Reached skill level 1 in Dodging
  8476 | D:8      | Found a bloodstained altar of Trog.
  9274 | D:9      | Reached *** piety under Qazlal
  9350 | D:9      | Found a runed translucent gate.
  9351 | D:9      | Found a runed translucent gate.
  9352 | D:9      | Found a runed translucent gate.
  9354 | D:9      | Noticed ZappyNine's ghost (novice DrTm)
  9368 | D:9      | Found a staircase to the Lair.
  9569 | D:9      | Found a hide-covered altar of Uskayaw.
 10147 | D:10     | Entered Level 10 of the Dungeon
 10458 | D:10     | Reached XP level 11. HP: 91/92 MP: 14/14
 10835 | D:10     | Reached skill level 5 in Invocations
 11291 | D:10     | Found a staircase to the Orcish Mines.
 11374 | D:11     | Noticed a cyclops
 11399 | D:10     | Reached skill level 10 in Armour
 11621 | D:11     | Killed a cyclops
 11788 | D:11     | Noticed a green ugly thing
 11813 | D:11     | Killed a green ugly thing
 12189 | D:12     | Noticed a boulder beetle
 12212 | D:12     | Killed a boulder beetle
 12718 | D:12     | Reached **** piety under Qazlal
 12721 | D:12     | Reached XP level 12. HP: 101/104 MP: 17/17
 12997 | D:12     | Identified the +0 ring mail of Zin's Hatred {Will++}
 13408 | D:9      | Killed ZappyNine's ghost
 13444 | Lair:1   | Entered Level 1 of the Lair of Beasts
 13695 | Lair:1   | Found a white marble altar of Elyvilon.
 13705 | Lair:1   | Reached skill level 5 in Dodging
 14187 | Lair:1   | Reached skill level 10 in Fighting
 15172 | Lair:2   | Reached ***** piety under Qazlal
 15211 | Lair:2   | Noticed a seven-headed hydra
 15227 | Lair:2   | Killed a seven-headed hydra
 15228 | Lair:2   | Reached XP level 13. HP: 80/114 MP: 19/19
 16264 | Lair:3   | Noticed Amaemon
 16280 | Lair:3   | Killed Amaemon
 16281 | Lair:3   | Reached skill level 10 in Shields
 16354 | Lair:3   | Found a shadowy altar of Dithmenos.
 16493 | Lair:3   | Reached skill level 10 in Invocations
 16833 | Lair:3   | Found a staircase to the Shoals.
 16973 | Lair:3   | Identified the +6 storm dragon scales of Gaiviegi {rElec
                  | Regen+ Int+3 Stlth-}
 17168 | Lair:3   | Found a hole to the Spider Nest.
 17641 | Lair:4   | Noticed Nessos
 17696 | Lair:4   | Killed Nessos
 17828 | Lair:4   | Identified the +1 rapier of Debt {heavy, rPois Will+ Dex+3}
 17868 | Lair:4   | Found a viscous altar of Jiyva.
 17870 | Lair:4   | Found a staircase to the Slime Pits.
 18158 | Lair:5   | Entered Level 5 of the Lair of Beasts
 18244 | Lair:5   | Reached XP level 14. HP: 113/126 MP: 22/22
 18286 | Lair:5   | Reached skill level 15 in Armour
 18394 | Lair:4   | Reached ****** piety under Qazlal
 19627 | Orc:1    | Entered Level 1 of the Orcish Mines
 19627 | Orc:1    | Found Wamifu's Armour Shoppe.
 19758 | Orc:1    | Bought a +0 pair of boots of rampaging for 184 gold pieces
 20030 | Orc:2    | Entered Level 2 of the Orcish Mines
 20150 | Orc:2    | Found a roughly hewn altar of Beogh.
 20258 | Orc:2    | Noticed an orc warlord
 20269 | Orc:2    | Found a staircase to the Elven Halls.
 20276 | Orc:2    | Reached XP level 15. HP: 113/136 MP: 24/24
 20277 | Orc:2    | Killed an orc warlord
 20603 | Orc:2    | Paralysed by an orc sorcerer for 4 turns
 21005 | Orc:2    | Found Boirul's General Store.
 21006 | Orc:2    | Found Tum Qir's Jewellery Shoppe.
 21008 | Orc:2    | Found Hyixt's Antique Armour Shoppe.
 21008 | Orc:2    | Found Hysoing's Antique Weapon Emporium.
 21023 | Orc:2    | Bought a scroll of magic mapping for 105 gold pieces
 21025 | Orc:2    | Bought an amulet of guardian spirit for 480 gold pieces
 21187 | Orc:2    | Bought the ring "Hixyuf" {rPois Int+2} for 499 gold pieces
 21754 | D:13     | Noticed Snorg
 21785 | D:13     | Killed Snorg
 22161 | D:13     | Found a runed translucent gate.
 22162 | D:13     | Found a runed translucent gate.
 22162 | D:13     | Found a runed translucent gate.
 22835 | D:14     | Reached skill level 17 in Axes
 22894 | D:14     | Found a gate to the Vaults.
 23044 | D:14     | Reached skill level 18 in Axes
 23061 | D:14     | Identified a scroll of acquirement
 23062 | D:14     | Acquired the amulet "Remesocs" {Acrobat rElec Str+3 Dex-4}
 23334 | D:14     | Found a frozen archway.
 23347 | IceCv    | Entered an ice cave
 23474 | IceCv    | Reached XP level 16. HP: 146/146 MP: 26/26
 24106 | D:15     | Entered Level 15 of the Dungeon
 24106 | D:15     | Found a gate leading to a gauntlet.
 24114 | Gauntlet | Entered a Gauntlet
 24114 | Gauntlet | Found a transporter.
 24124 | Gauntlet | Found a transporter.
 24139 | Gauntlet | Found a transporter.
 24144 | Gauntlet | Found a transporter.
 24159 | Gauntlet | Found a transporter.
 24178 | Gauntlet | Found a transporter.
 24190 | Gauntlet | Found a transporter.
 24202 | Gauntlet | Found a transporter.
 24208 | Gauntlet | Found a transporter.
 24208 | Gauntlet | Found a transporter.
 24223 | Gauntlet | Found a transporter.
 24235 | Gauntlet | Found a transporter.
 24252 | Gauntlet | Found a transporter.
 24252 | Gauntlet | Found a transporter.
 24274 | Gauntlet | Found a transporter.
 24310 | Gauntlet | Found a transporter.
 24387 | Gauntlet | Found a transporter.
 24412 | Gauntlet | Found a transporter.
 24625 | D:15     | Found a staircase to the Depths.
 25824 | Spider:1 | Entered Level 1 of the Spider Nest
 25966 | Spider:1 | Noticed Jorgrun
 26055 | Lair:3   | Reached skill level 15 in Fighting
 26336 | Spider:1 | Noticed Kirke
 26795 | Lair:3   | Killed Jorgrun
 26796 | Lair:3   | Reached skill level 15 in Invocations
 27055 | Lair:3   | HP: 7/149 [lindwurm[Kirke] (4)]
 27055 | Lair:3   | HP: 2/149 [lindwurm[Kirke] (5)]
 27395 | Lair:3   | Killed Kirke
 27396 | Lair:3   | Reached skill level 10 in Dodging
 27440 | Lair:3   | Reached XP level 17. HP: 155/156 MP: 28/28
 28163 | Spider:2 | Noticed Arachne
 28200 | Spider:2 | Killed from afar by Arachne

Illustrated notes

Levels and vault maps discovered:
D:1:      dpeg_arrival_ratfight, layout_basic, chequers_ecumenical_altar_island,
          minmay_misc_feat_alley
D:2:      layout_loops_cross
D:3:      layout_loops_ring, nrook_uturn
D:4:      layout_cave_pools, ashenzari_conservatory_becter,
          minmay_temple_entry_butterflies
D:5:      layout_basic, doesnt_xom_only_xom, minmay_overflow_temple_star_quad,
          serial_shops, nicolae_inconvenience_store
D:6:      lemuel_slime, layout_rooms, uniq_edmund
D:7:      layout_basic, minmay_manual_mess, uniq_maggie
D:8:      nicolae_cairo_tiling_large_dashed, layout_loops_corners,
          kennysheep_little_box, minmay_manual_maat
D:9:      layout_basic, nicolae_overflow_hidden_temple, david_lair_shrubbed,
          ebering_ghost_rock_garden, abandoned_shop, solitary_fountain
D:10:     minmay_weird_star, layout_basic
D:11:     layout_cave_pools
D:12:     layout_irregular_city, st_stairs_6, drop_trap
D:13:     layout_loops_ring, ploomutoo_gammafunk_ghost_potion_laboratory,
          minivault_16, uniq_snorg
D:14:     layout_cave_pools, skrybe_vaults_entry_preservation,
          minmay_misc_feat_x, portal_ice_cave_entry_ice_statue_one, st_stairs_9
D:15:     gammafunk_depths_entry_grave, layout_basic, nicolae_twisting_strands,
          gauntlet_entry_generic
Temple:   nicolae_temple_bog_church
Lair:1:   layout_layer_cave, roderic_batcave, lemuel_centaur_altar,
          grunt_megastairs_1
Lair:2:   layout_roguey, chequers_serial_rivers_small_3, grunt_megastairs_4
Lair:3:   layout_gridlike, elwin_shoals_entry_stream,
          nicolae_spider_entry_non_spiders, basic_altar, lemuel_fruit_fields,
          uniq_amaemon
Lair:4:   layout_big_grid, nicolae_slime_entry_slimehenge, beast_lair_carwin_2,
          uniq_nessos
Lair:5:   evilmike_catoblepas_cave, layout_long_grid,
          chequers_serial_rivers_large_b
Spider:1: layout_spider_delve, nicolae_spider_moth_buddies, uniq_jorgrun,
          uniq_kirke
Spider:2: layout_spider_delve, uniq_arachne
Orc:1:    layout_caves, serial_shops, shop, shop, nicolae_shop_statue_plus,
          shop, nicolae_orc_crystal_geode
Orc:2:    st_orc_congregation, layout_diamond_mine, basic_altar, rock_pile

Skill      XL: |  1  2  3  4  5  6  7  8  9 10 11 12 13 14 15 16 |
---------------+-------------------------------------------------+-----
Axes           | 3 4 5 6 7 8 11 14 16 18 | 18.0
Ranged Weapons | 2 |  2.3
Fighting       | 5 7 9 10 12 13 14 15 | 15.4
Armour         | 5 8 11 13 14 15 16 17 | 17.2
Shields        | 4 6 8 9 10 12 14 | 14.1
Invocations    | 4 7 9 11 12 13 15 | 15.3
Dodging        | 2 4 5 7 8 9 10 | 10.1

Action                     |  1- 3 |  4- 6 |  7- 9 | 10-12 | 13-15 | 16-18 || total
---------------------------+-------+-------+-------+-------+-------+-------++-------
  Melee: War axe           |   111 |   120 |   320 |   723 |   840 |       ||  2114
         Flail             |       |       |       |     7 |    24 |       ||    31
         Broad axe         |       |       |       |       |   242 |   504 ||   746
         Unarmed           |       |       |       |       |       |    21 ||    21
  Throw: Dart              |       |     2 |     4 |       |       |     1 ||     7
         Throwing net      |       |       |     2 |     1 |       |       ||     3
         Boomerang         |       |       |       |     3 |    46 |     3 ||    52
    Use: Potion            |       |     1 |     9 |     1 |    11 |     3 ||    25
         Scroll            |       |       |    12 |     7 |    17 |     5 ||    41
 Armour: Scale mail        |    57 |    37 |       |       |       |       ||    94
         Chain mail        |       |    26 |   170 |    46 |       |       ||   242
         Plate armour      |       |       |       |   317 |    78 |       ||   395
         Storm dragon scal |       |       |       |       |   383 |       ||   383
         Crystal plate arm |       |       |       |       |    25 |   485 ||   510
         Skin              |       |       |       |       |       |     1 ||     1
  Dodge: Dodged            |    56 |    64 |   102 |   185 |   538 |   206 ||  1151
         Repelled          |       |       |       |     1 |     8 |     5 ||    14
  Block: Buckler           |    28 |    25 |    98 |   316 |   801 |    74 ||  1342
         Reflection        |       |       |       |       |     8 |       ||     8
         Kite shield       |       |       |       |       |       |   458 ||   458
         Other             |       |       |       |       |       |    11 ||    11

Table legend: (Time is in decaauts)
 A = Elapsed time spent in this place.
 B = Non-inter-level travel time spent in this place.
 C = Inter-level travel time spent in this place.
 D = Time resting spent in this place.
 E = Time spent auto-exploring this place.
 F = Levels seen in this place.
 G = Mean time per level.
                   A        B        C        D        E       F      G
               +--------+--------+--------+--------+--------+-----+--------+
         Total |  27723 |  25306 |   2417 |   2451 |  17712 |  27 | 1026.8 |
       Dungeon |  16675 |  14981 |   1694 |    650 |  11597 |  15 | 1111.7 |
        Temple |    212 |    180 |     32 |      0 |    136 |   1 |  212.0 |
          Lair |   7760 |   7223 |    537 |   1457 |   4336 |   5 | 1552.0 |
   Spider Nest |    589 |    582 |      7 |      0 |    387 |   2 |  294.5 |
  Orcish Mines |   1532 |   1386 |    146 |    344 |    592 |   2 |  766.0 |
      Ice Cave |    616 |    616 |      0 |      0 |    356 |   1 |  616.0 |
      Gauntlet |    336 |    336 |      0 |      0 |    305 |   1 |  336.0 |
               +--------+--------+--------+--------+--------+-----+--------+

Top non-repeatable levels by time:
  Lair:3: 2300 daAuts
  Lair:2: 1789 daAuts
     D:7: 1766 daAuts
  Lair:1: 1737 daAuts
    D:10: 1552 daAuts
     D:5: 1519 daAuts
     D:8: 1482 daAuts
     D:9: 1285 daAuts
     D:6: 1254 daAuts
    D:12: 1229 daAuts
    D:15: 1182 daAuts
  Lair:5: 1087 daAuts
   Orc:2: 1083 daAuts
    D:13: 984 daAuts
     D:4: 864 daAuts
